 Dungeon Crawl Stone Soup version 0.30.1-9-gdf580d7c3d (webtiles) character file.

Game seed: 9663622228575215846

89686 Peloso the Fencer (level 15, -3/145 HPs)
             Began as a Minotaur Fighter on Sept 29, 2023.
             Was the Champion of Okawaru.
             Slain by a hog (10 damage)
             ... led by Kirke
             ... while paralysed by a sphinx
             ... on level 5 of the Lair of Beasts.
             The game lasted 00:51:09 (23733 turns).

Peloso the Fencer (Minotaur Fighter)               Turns: 23733, Time: 00:51:09

Health: -3/145     AC:  0    Str: 22    XL:     15   Next: 50%
Magic:  14/14      EV:  3    Int:  5    God:    Okawaru [******]
Gold:   2460       SH:  0    Dex: 16    Spells: 14/14 levels left

rFire   . . .        a - melded +4 double sword (holy)
rCold   + + .        d - melded +2 kite shield
rNeg    . . .        e - melded +2 swamp dragon scales
rPois   .            Y - melded +2 hat {Int+3}
rElec   .            L - melded +2 cloak {rCorr}
rCorr   .            Z - melded +2 pair of gloves {Str+3}
SInv    .            X - melded +0 pair of boots
Will    +....        m - amulet "Kuavy" {rC++ Regen+}
Stlth   +++          W - melded +6 ring of dexterity
HPRegen 1.24/turn    y - melded ring of the Death Scarab {*Slow rElec rN+++ Dex+2 Slay+4}
MPRegen 0.14/turn

%: no passive effects
@: paralysed, pig-form, slowed, studying Ranged Weapons, very quick
A: fast, no casting, small, (horns 2), (retaliatory headbutt)
a: Renounce Religion, Heroism, Finesse, Duel


You were on level 5 of the Lair of Beasts.
You worshipped Okawaru.
Okawaru was exalted by your worship.
You were a filthy swine.
You visited 4 branches of the dungeon, and saw 23 of its levels.
You also visited: Ice Cave.

You collected 2583 gold pieces.
You spent 123 gold pieces at shops.

Inventory:

Hand Weapons
 a - a +4 double sword of holy wrath (melded)
 b - a +4 scimitar of flaming
 c - the +5 long sword of Cueg Nun {speed, Int+3}
   (You found it on level 10 of the Dungeon)

   Int:       It affects your intelligence (+3).
Armour
 d - a +2 kite shield (melded)
 e - +2 swamp dragon scales (melded)
 i - a +1 plate armour of fire resistance
 x - a +2 crystal plate armour of cold resistance
 L - a +2 cloak of preservation (melded)
 X - a +0 pair of boots (melded)
 Y - a +2 hat of intelligence (melded)
 Z - a +2 pair of gloves of strength (melded)
Jewellery
 h - a ring of protection from cold
 m - the amulet "Kuavy" (around neck) {rC++ Regen+}
   (You found it in an ice cave)

   [amulet of regeneration]

   rC:        It greatly protects you from cold.
   Regen:     It increases your rate of health regeneration.
 n - a ring of poison resistance
 y - the ring of the Death Scarab (melded) {*Slow rElec rN+++ Dex+2 Slay+4}
   (You found it on level 12 of the Dungeon)

   [ring of slaying]

   Dex:       It affects your dexterity (+2).
   Slay:      It affects your accuracy & damage with ranged weapons and melee
   (+4).
   rElec:     It insulates you from electricity.
   rN:        It renders you almost immune to negative energy.
   *Slow:     It may slow you when you take damage.
 D - an amulet of faith
 K - an amulet of reflection
 W - a +6 ring of dexterity (melded)
Wands
 k - a wand of flame (21)
 s - a wand of polymorph (14)
 t - a wand of roots (12)
 F - a wand of digging (6)
 R - a wand of mindburst (6)
Scrolls
 j - 9 scrolls of teleportation
 o - 6 scrolls of fog
 p - 2 scrolls of enchant armour
 u - 2 scrolls of fear
 v - 3 scrolls of silence {unknown}
 B - 3 scrolls of magic mapping
 C - 4 scrolls of immolation
 H - 5 scrolls of poison
 I - 3 scrolls of amnesia
 J - 2 scrolls of identify
 N - 9 scrolls of blinking
 O - 3 scrolls of enchant weapon
 U - 4 scrolls of brand weapon
Potions
 f - 4 potions of mutation
 l - 6 potions of haste
 q - 5 potions of flight
 r - 5 potions of lignification
 w - 3 potions of brilliance
 A - 2 potions of magic
 E - 9 potions of curing
 G - 3 potions of cancellation
 M - 6 potions of attraction {unknown}
 P - a potion of invisibility
 Q - 3 potions of heal wounds
 T - 2 potions of resistance
 V - 2 potions of might
Miscellaneous
 g - a phial of floods
 z - a condenser vane
 S - a lightning rod (4/4)


   Skills:
 + Level 16.4 Fighting
 + Level 18.6 Long Blades
 + Level 12.1 Armour
 + Level 11.8 Dodging
 + Level 4.1 Stealth
 + Level 14.4 Shields
 + Level 1.2 Invocations
 + Level 0.1 Evocations


You had 14 spell levels left.
You didn't know any spells.
Your spell library contained the following spells:

 Spells                   Type           Power      Damage    Failure   Level
 Apportation              Tloc           0%         N/A       47%         1
 Beastly Appendage        Tmut           0%         N/A       47%         1
 Necrotise                Necr           0%         1d4       47%         1
 Slow                     Hex            0%         N/A       47%         1
 Cigotuvi's Dreadful Rot  Necr/Pois/Air  0%         N/A       63%         2
 Static Discharge         Conj/Air       0%         2-2/arc   63%         2
 Sublimation of Blood     Necr           0%         N/A       63%         2
 Wereblood                Tmut           0%         N/A       63%         2
 Confusing Touch          Hex            0%         N/A       85%         3
 Portal Projectile        Hex/Tloc       0%         N/A       85%         3
 Spider Form              Tmut/Pois      0%         N/A       85%         3
 Vampiric Draining        Necr           0%         2d6       85%         3
 Airstrike                Air            0%         2d(0-16)  99%         4
 Dispel Undead            Necr           0%         3d6       99%         4
 Petrify                  Tmut/Erth      0%         N/A       99%         4
 Blade Hands              Tmut           0%         N/A       100%        5
 Fireball                 Conj/Fire      0%         3d3       100%        5
 Irradiate                Conj/Tmut      0%         3d11      100%        5
 Iskenderun's Battlesphe  Conj           0%         2d6       100%        5
 Metabolic Englaciation   Hex/Ice        0%         N/A       100%        5
 Conjure Ball Lightning   Conj/Air       0%         3x3d6     100%        6
 Statue Form              Tmut/Erth      0%         N/A       100%        6
 Orb of Destruction       Conj           0%         9d5       100%        7
 Summon Small Mammal      Summ           Unusable   N/A       N/A         1
 Tukima's Dance           Hex            Unusable   N/A       N/A         3
 Summon Lightning Spire   Summ/Air       Unusable   N/A       N/A         4
 Death Channel            Necr           Unusable   N/A       N/A         6

Dungeon Overview and Level Annotations

Branches:
Dungeon (15/15)            Temple (1/1) D:5            Lair (5/5) D:11
 Shoals (0/4) Lair:2       Spider (0/4) Lair:3        Slime (0/5) Lair:5
    Orc (2/2) D:12            Elf (0/3) Orc:2        Vaults (0/5) D:13
 Depths (0/4) D:15          IceCv (visited)

Altars:
Ashenzari
Cheibriados
Dithmenos
Elyvilon
Fedhas
Gozag
Hepliaklqana
Kikubaaqudgha
Makhleb
Nemelex Xobeh
Okawaru
Qazlal
Ru
Sif Muna
Trog
Uskayaw
Vehumet
Wu Jian
Xom
Yredelemnul
Zin
The Shining One

Shops:
D:14 (   Orc:2 **=**

Annotations:
D:14 2 transporters, Ficoysum's ghost, journeyman GnWn
Lair:5 Kirke


Innate Abilities, Weirdness & Mutations

You are a filthy swine.
You move quickly.
Your equipment is almost entirely melded.
You are incapable of wielding weapons or throwing items.
You cannot cast spells.
((You have a pair of horns on your head.))
((You reflexively headbutt those who attack you in melee.))


Message History

You barely miss something.
The hog barely misses you. x2; The hog bites you!
The hog completely misses you.
You hear some strange, mumbled words.
Something summons a sphinx!
The hog closely misses you. x2; The hog bites you.
You miss something. The hog closely misses you. The hog barely misses you.
The hog closely misses you. The hog misses you.
You hear some strange, mumbled words.
Something tries to affect you, but you resist.
The hog bites you.
Unknown command.
You hit something. The hog misses you. The hog bites you! x2
The hog completely misses you.
You hear some strange, mumbled words.
Something summons a lindwurm!
The sphinx misses you. The sphinx hits you! x2
The hog barely misses you.
The hog bites you! x2; The hog closely misses you.
Unknown command.
You hit something but do no damage. Something hits you!
The hog completely misses you. x2
The sphinx mumbles some strange words.
You suddenly lose the ability to move!
The hog bites you!
* * * LOW HITPOINT WARNING * * *
The hog barely misses you. The hog bites you.
* * * LOW HITPOINT WARNING * * *
The hog bites you.
* * * LOW HITPOINT WARNING * * *
The hog bites you!
* * * LOW HITPOINT WARNING * * *
The sphinx hits you.
* * * LOW HITPOINT WARNING * * *
The sphinx hits you.
* * * LOW HITPOINT WARNING * * *
The sphinx hits you.
* * * LOW HITPOINT WARNING * * *
You hear some strange, mumbled words.
Something tries to affect you, but you resist.
The hog bites you!
* * * LOW HITPOINT WARNING * * *
The hog bites you!
You die...

#P..##....##
##^.........
#.....###....
#.#.P## ##...
#...## ...
##...# ##..##
#Hh.# #h{##
#hhh......
..khh......
..P.#.##.P.#.
#######. ####
#


You could see a sphinx (summoned), a lindwurm (summoned) and 6 hogs.

Vanquished Creatures
  Gastronok (D:8)
  Roxanne (D:15)
  An azure jelly (IceCv)
  2 orc warlords (Orc:2)
  2 quicksilver oozes (IceCv)
  A stone giant (D:15)
  Josephine (Orc:2)
  5 hydras
  Fannar (Lair:3)
  A death knight (D:13)
  Harold (Lair:1)
  3 centaur warriors
  4 catoblepae
  2 boulder beetles
  2 tengu warriors
  An ogre mage (D:15)
  14 two-headed ogres
  8 death yaks
  A deep troll earth mage (D:12)
  3 orc high priests
  Sonja (Orc:1)
  A fire crab (shapeshifter) (D:13)
  A wizard (D:9)
  2 deep elf pyromancers
  A lindwurm (Lair:4)
  An orc knight (Orc:2)
  13 ugly things
  5 orc sorcerers
  8 cyclopes
  6 elephants (Lair:2)
  4 manticores
  2 black mambas
  2 ice statues (IceCv)
  Maurice (Orc:2)
  6 cane toads
  3 gargoyles
  A torpor snail (Lair:3)
  Maggie (D:6)
  3 komodo dragons
  Psyche (D:12)
  4 efreet
  5 tengu conjurers
  4 meliai
  10 trolls
  A polar bear (Lair:1)
  A hornet (D:12)
  6 saltlings (Orc:2)
  8 blink frogs
  5 dream sheep
  A snapping turtle (Lair:2)
  12 slime creatures
  Sigmund (D:2)
  A yak (shapeshifter) (D:15)
  A vampire (D:12)
  A hog (Lair:5)
  5 basilisks
  5 wraiths
  4 wyverns
  A steam dragon (D:6)
  45 yaks
  2 fire elementals (D:13)
  Menkaure (D:5)
  3 wargs (Orc:2)
  2 acid dragons
  Edmund (D:6)
  16 water moccasins
  3 sky beasts (D:7)
  5 black bears
  5 great orb of eyes simulacra (IceCv)
  An ice beast (D:5)
  25 orc warriors
  8 ogres
  2 wolves (D:11)
  4 centaurs
  4 slime creature simulacra (IceCv)
  A kobold brigand (D:9)
  12 bullfrogs
  Blork the orc (D:6)
  3 glowing shapeshifter simulacra (IceCv)
  16 wights
  3 scorpions
  7 killer bees
  6 howler monkeys
  An electric eel (D:9)
  A lava snake (D:13)
  3 jellies
  7 hounds
  16 orc priests
  3 gnoll boudas
  A sleepcap (D:7)
  Terence (D:2)
  3 iguanas
  21 orc wizards
  6 hell rats (Lair:2)
  5 shapeshifter simulacra (IceCv)
  Robin (D:2)
  20 gnolls
  6 adders
  14 white imps
  An ufetubus (D:5)
  4 worms
  2 dart slugs (D:2)
  67 orcs
  6 bats
  8 endoplasms
  4 giant cockroaches
  21 goblins
  9 hobgoblins
  11 kobolds
  2 quokkas
  7 ball pythons
  5 frilled lizards
  5 rats
631 creatures vanquished.

Vanquished Creatures (others)
  3 orcs
3 creatures vanquished.

Grand Total: 634 creatures vanquished

Notes
Turn   | Place    | Note
-------+----------+-------------------------------------------
     0 | D:1      | Peloso the Minotaur Fighter began the quest for the Orb.
     0 | D:1      | Reached XP level 1. HP: 19/19 MP: 0/0
   229 | D:1      | Reached XP level 2. HP: 27/27 MP: 1/1
   982 | D:2      | Reached XP level 3. HP: 33/33 MP: 2/2
  1081 | D:2      | Reached skill level 3 in Long Blades
  1081 | D:2      | Noticed Robin
  1090 | D:2      | Killed Robin
  1383 | D:2      | Noticed Terence
  1395 | D:2      | Killed Terence
  1396 | D:2      | Reached skill level 4 in Long Blades
  1396 | D:2      | Reached XP level 4. HP: 23/40 MP: 3/3
  1492 | D:2      | Noticed Sigmund
  1516 | D:2      | Killed Sigmund
  1517 | D:2      | Reached skill level 5 in Long Blades
  1517 | D:2      | Reached skill level 5 in Armour
  1517 | D:2      | Reached XP level 5. HP: 25/47 MP: 4/4
  1967 | D:3      | Reached XP level 6. HP: 53/53 MP: 5/5
  2556 | D:4      | Reached skill level 6 in Long Blades
  2779 | D:4      | Reached skill level 5 in Fighting
  3080 | D:4      | Reached XP level 7. HP: 11/61 MP: 6/6
  3331 | D:4      | Found a stormy altar of Qazlal.
  3723 | D:5      | Entered Level 5 of the Dungeon
  3735 | D:5      | Reached skill level 7 in Long Blades
  3735 | D:5      | Reached skill level 5 in Shields
  3828 | D:5      | Reached skill level 1 in Dodging
  3937 | D:5      | Noticed Menkaure
  3940 | D:5      | Found a staircase to the Ecumenical Temple.
  3946 | D:5      | Killed Menkaure
  3965 | Temple   | Entered the Ecumenical Temple
  4420 | D:5      | Reached XP level 8. HP: 64/70 MP: 7/7
  4541 | D:5      | Found a broken altar of Ashenzari.
  4706 | D:5      | Found a burning altar of Makhleb.
  4706 | D:5      | Noticed an Executioner
  4758 | D:5      | Reached skill level 8 in Long Blades
  4986 | D:6      | Noticed Blork the orc
  4995 | D:6      | Killed Blork the orc
  5260 | D:6      | Reached skill level 9 in Long Blades
  5597 | D:6      | Noticed Edmund
  5608 | D:6      | Killed Edmund
  5693 | D:6      | Noticed Maggie
  5713 | D:6      | HP: 1/71 [Maggie/+4 morningstar of venom (10)]
  5719 | D:6      | Killed Maggie
  5720 | D:6      | Reached skill level 10 in Long Blades
  5720 | D:6      | Reached XP level 9. HP: 24/78 MP: 8/8
  5978 | D:6      | Found a sparkling altar of Nemelex Xobeh.
  6747 | D:7      | Found a glowing silver altar of Zin.
  7154 | D:8      | Noticed Gastronok
  7154 | D:8      | Noticed a two-headed ogre
  7231 | D:7      | Killed a two-headed ogre
  7232 | D:7      | Reached skill level 11 in Long Blades
  7232 | D:7      | Reached skill level 1 in Stealth
  7932 | D:9      | Noticed a deep elf pyromancer
  7933 | D:9      | Noticed a brown ugly thing
  7947 | D:9      | Killed a deep elf pyromancer
  7948 | D:9      | Reached XP level 10. HP: 71/88 MP: 9/9
  7956 | D:9      | Killed a brown ugly thing
  7957 | D:9      | Reached skill level 12 in Long Blades
  7961 | D:9      | Noticed a wizard
  7972 | D:9      | Killed a wizard
  8272 | D:8      | Killed Gastronok
  8567 | D:8      | Reached skill level 13 in Long Blades
  8663 | D:8      | Found an ornate altar of the Wu Jian Council.
  8826 | D:9      | Reached skill level 10 in Armour
  9659 | D:9      | Reached XP level 11. HP: 91/95 MP: 10/10
  9712 | D:9      | Found a sacrificial altar of Ru.
  9737 | D:9      | Found a basalt altar of Yredelemnul.
  9828 | D:9      | Found an iron altar of Okawaru.
 10226 | D:10     | Entered Level 10 of the Dungeon
 10241 | D:10     | Identified the +5 long sword of Cueg Nun {speed, Int+3}
 10562 | D:10     | Noticed a two-headed ogre
 10571 | D:10     | Killed a two-headed ogre
 10572 | D:10     | Reached skill level 5 in Dodging
 10736 | D:10     | Found a shadowy altar of Dithmenos.
 11070 | D:9      | Became a worshipper of Warmaster Okawaru
 11130 | D:11     | Reached skill level 14 in Long Blades
 11136 | D:11     | Reached * piety under Okawaru
 11206 | D:11     | Found a staircase to the Lair.
 11317 | D:11     | Noticed a cyan ugly thing
 11327 | D:11     | Killed a cyan ugly thing
 11481 | D:11     | Found a frozen archway.
 11493 | IceCv    | Entered an ice cave
 11508 | IceCv    | Reached ** piety under Okawaru
 11770 | IceCv    | Noticed a quicksilver ooze
 11780 | IceCv    | Killed a quicksilver ooze
 11781 | IceCv    | Reached skill level 10 in Fighting
 12240 | IceCv    | Reached skill level 15 in Long Blades
 12261 | IceCv    | Noticed a quicksilver ooze
 12269 | IceCv    | Killed a quicksilver ooze
 12269 | IceCv    | Reached *** piety under Okawaru
 12270 | IceCv    | Reached XP level 12. HP: 67/107 MP: 0/11
 12453 | IceCv    | Found a viscous altar of Jiyva.
 12453 | IceCv    | Noticed an azure jelly
 12465 | IceCv    | Killed an azure jelly
 12479 | IceCv    | Identified the amulet "Kuavy" {rC++ Regen+}
 12736 | D:11     | Noticed a two-headed ogre
 12759 | D:11     | Killed a two-headed ogre
 12950 | D:11     | Reached **** piety under Okawaru
 13025 | D:11     | Noticed a two-headed ogre
 13031 | D:11     | Killed a two-headed ogre
 13058 | D:11     | Noticed a two-headed ogre
 13069 | D:11     | Killed a two-headed ogre
 13070 | D:11     | Reached skill level 1 in Invocations
 13142 | Lair:1   | Entered Level 1 of the Lair of Beasts
 13377 | Lair:1   | Noticed Harold
 13397 | Lair:1   | Killed Harold
 13903 | Lair:1   | Reached ***** piety under Okawaru
 13906 | Lair:1   | Reached skill level 16 in Long Blades
 14255 | Lair:2   | Reached skill level 10 in Shields
 14446 | Lair:2   | Noticed a four-headed hydra
 14464 | Lair:2   | Killed a one-headed hydra
 14465 | Lair:2   | Reached XP level 13. HP: 119/119 MP: 12/12
 14496 | Lair:2   | Received a gift from Okawaru
 14530 | Lair:2   | Found a staircase to the Shoals.
 14670 | Lair:2   | Received a gift from Okawaru
 14915 | Lair:2   | Identified the +0 ring mail of Limited Liability {rElec
                  | rF++ rN+ Will-}
 15362 | Lair:3   | Noticed Fannar
 15380 | Lair:3   | Killed Fannar
 15557 | Lair:3   | Found a hole to the Spider Nest.
 16460 | Lair:4   | Reached ****** piety under Okawaru
 16546 | Lair:4   | Received a gift from Okawaru
 17152 | Lair:4   | Reached skill level 17 in Long Blades
 17538 | D:12     | Received a gift from Okawaru
 17641 | D:12     | Found a staircase to the Orcish Mines.
 17672 | D:12     | Noticed Psyche
 17696 | D:12     | Killed Psyche
 17915 | D:12     | Reached skill level 10 in Dodging
 17950 | D:12     | Identified the ring of the Death Scarab {*Slow rElec rN+++
                  | Dex+2 Slay+4}
 18300 | Orc:1    | Entered Level 1 of the Orcish Mines
 18328 | Orc:1    | Reached XP level 14. HP: 58/132 MP: 13/13
 18589 | Orc:2    | Entered Level 2 of the Orcish Mines
 18639 | Orc:2    | Found a staircase to the Elven Halls.
 18704 | Orc:2    | Found Zeifirhe's Assorted Antiques.
 18705 | Orc:2    | Noticed Josephine
 18718 | Orc:2    | Killed Josephine
 18787 | Orc:2    | Bought a scroll labelled CURRUR FASE for 29 gold pieces
 18943 | Orc:2    | Noticed Maurice
 18955 | Orc:2    | Killed Maurice
 19181 | Orc:2    | Found Ydiwk's Jewellery Shoppe.
 19181 | Orc:2    | Noticed an orc warlord
 19198 | Orc:2    | Killed an orc warlord
 19207 | Orc:2    | Received a gift from Okawaru
 19250 | Orc:2    | Noticed an orc warlord
 19277 | Orc:2    | Killed an orc warlord
 19331 | Orc:2    | Found Erhurghuc's General Store.
 19333 | Orc:2    | Found Dutid's Assorted Antiques.
 19357 | Orc:2    | Bought a scroll labelled ICYET FUOLA for 28 gold pieces
 19361 | Orc:2    | Bought a scroll of identify for 34 gold pieces
 19387 | Orc:2    | Found Hyuss's General Store.
 19393 | Orc:2    | Bought a scroll of identify for 32 gold pieces
 19682 | Orc:1    | Noticed Sonja
 19691 | Orc:1    | Killed Sonja
 19692 | Orc:1    | Reached skill level 15 in Fighting
 20346 | D:13     | Reached skill level 18 in Long Blades
 20492 | D:13     | Found a gate to the Vaults.
 20577 | D:13     | Received a gift from Okawaru
 21301 | D:14     | Noticed Ficoysum's ghost (journeyman GnWn)
 21330 | D:14     | Found a transporter.
 21334 | D:14     | Found a transporter.
 21667 | D:14     | Found Iseycwol's Weapon Boutique.
 22000 | D:15     | Entered Level 15 of the Dungeon
 22063 | D:15     | Reached XP level 15. HP: 135/143 MP: 14/14
 22446 | D:15     | Found a staircase to the Depths.
 22479 | D:15     | Noticed Roxanne
 22505 | D:15     | Killed Roxanne
 22505 | D:15     | Received a gift from Okawaru
 22518 | D:15     | Identified the +6 sling "Bownelao" {heavy, Fly rC- Str+3}
 23057 | Lair:5   | Entered Level 5 of the Lair of Beasts
 23113 | Lair:5   | Found a staircase to the Slime Pits.
 23716 | Lair:5   | Noticed Kirke
 23730 | Lair:5   | Noticed a sphinx
 23732 | Lair:5   | Paralysed by a sphinx for 4 turns
 23733 | Lair:5   | HP: 7/145 [hog[Kirke] (10)]
 23733 | Lair:5   | Slain by a hog

Illustrated notes

Levels and vault maps discovered:
D:1:      lightli_iron_boxes, layout_loops_ring
D:2:      layout_loops_corners, uniq_sigmund, uniq_robin, uniq_terence
D:3:      layout_rooms, wad_floor_pattern_untrapped, grunt_ministairs_13
D:4:      layout_loops_corners, mainiacjoe_overflow_boulevard
D:5:      layout_cave_pools, mainiacjoe_overflow_surrounded_room,
          makhleb_altar_promises_db, minmay_temple_entry_tees, uniq_menkaure
D:6:      layout_loops_ring, general_overflow_altar, uniq_maggie, uniq_edmund,
          uniq_blork_the_orc
D:7:      layout_cave_pods, mainiacjoe_overflow_brackets
D:8:      layout_loops_cross, nzn_wu_jian_council_hall,
          kennysheep_decorative_pillar, uniq_gastronok
D:9:      cheibrodos_elevator_heist, layout_basic,
          mainiacjoe_overflow_tiny_flanked, nicolae_overflow_hidden_temple,
          kennysheep_mini_moat
D:10:     layout_stronghold, kennysheep_mini
D:11:     layout_loops_ring, minmay_lair_entry_grove,
          portal_ice_cave_entry_imps, chequers_mini_garden,
          statue_in_the_mist_lemuel, minmay_misc_feat_rows
D:12:     layout_basic, erik_orc_4, serial_glass, glass_columns_a,
          glass_columns_c, feat_on_display, minmay_evil_grid, uniq_psyche
D:13:     layout_big_octagon, serial_co_window_serial, co_window_paths_a,
          co_window_paths_a, co_window_of_opportunity_a, co_window_paths_b,
          co_window_corner_a, co_window_paths_a, co_window_corner_a,
          co_window_of_opportunity_a, co_window_of_opportunity_a,
          co_window_unsneaky_path_c, co_window_broadway_a, co_window_2corner,
          co_window_corner_ca, co_window_corner_ca, glass_columns_a,
          glass_columns_a, glass_columns_b, chequers_serial_rivers_micro_e,
          drop_trap
D:14:     layout_cave_pools, nzn_ghost_randoct,
          infiniplex_staircase_hallway_doors, nicolae_inconvenience_store,
          lemuel_freeze_loot_1
D:15:     grunt_enter_depths_giant_problem, layout_irregular_city,
          glass_columns_a, uniq_roxanne
Temple:   hc_temple_tempest_star
Lair:1:   layout_cave_pods, infiniplex_staircase_pool, uniq_harold
Lair:2:   layout_regular_city, minmay_shoals_entry_hut, serial_forest,
          infiniplex_forest_lined_room_2, infiniplex_forest_clump_tiny,
          infiniplex_forest_lined_3, infiniplex_forest_clump_diagonal,
          infiniplex_forest_side_room, infiniplex_forest_clump_medium,
          infiniplex_forest_clump_long, infiniplex_forest_end_1,
          infiniplex_forest_straight_2
Lair:3:   layout_cave_shapes, hellmonk_spider_entry_not_the_bees, uniq_fannar
Lair:4:   layout_concentric_octagons, grunt_megastairs_2
Lair:5:   evilmike_catoblepas_cave, layout_loops_ring,
          dpeg_slime_entry_enclosed, grunt_megastairs_1, uniq_snorg, uniq_kirke
Orc:1:    layout_caves, uniq_sonja
Orc:2:    hellmonk_orc_salted, layout_diamond_mine, serial_shops,
          nicolae_shop_tiny_statue_garden, uniq_maurice, uniq_josephine

Skill      XL: |  1  2  3  4  5  6  7  8  9 10 11 12 13 14 15 |
---------------+----------------------------------------------+-----
Armour         | 4 5 6 7 9 10 11 12 | 12.1
Fighting       | 4 5 6 7 8 10 12 14 15 16 | 16.4
Shields        | 4 5 6 7 9 10 11 13 14 | 14.4
Long Blades    | 4 5 6 7 10 11 13 15 16 17 18 | 18.6
Dodging        | 1 3 4 6 8 10 11 | 11.8
Stealth        | 1 2 3 4 |  4.1
Invocations    | 1 |  1.2
Evocations     | |  0.1

Action                     |  1- 3 |  4- 6 |  7- 9 | 10-12 | 13-15 || total
---------------------------+-------+-------+-------+-------+-------++-------
  Melee: Long sword        |    77 |   156 |   245 |   762 |       ||  1240
         Headbutt          |     8 |    21 |    60 |   224 |   247 ||   560
         Falchion          |       |       |    40 |       |       ||    40
         Scimitar          |       |       |       |     8 |   197 ||   205
         Double sword      |       |       |       |       |   757 ||   757
         Unarmed           |       |       |       |       |     5 ||     5
 Invoke: Heroism           |       |       |       |     5 |     5 ||    10
  Evoke: Wand              |       |       |       |     2 |       ||     2
    Use: Potion            |     1 |     1 |     9 |     3 |     1 ||    15
         Scroll            |       |       |     3 |     6 |    16 ||    25
   Stab: Sleeping          |       |       |       |       |     5 ||     5
         Distracted        |       |       |       |       |     1 ||     1
         Petrified         |       |       |       |       |     1 ||     1
 Armour: Scale mail        |    35 |     5 |       |       |       ||    40
         Chain mail        |       |    70 |   116 |       |       ||   186
         Swamp dragon scal |       |       |    30 |   290 |   315 ||   635
  Dodge: Dodged            |    39 |    69 |   111 |   342 |   544 ||  1105
  Block: Buckler           |    27 |    39 |    58 |   204 |    83 ||   411
         Kite shield       |       |       |       |       |   534 ||   534
